 Dungeon Crawl Stone Soup version 0.31.0-11-ge490571c62 (webtiles) character file.

Game seed: 15470637577083422444

29 Gadfly the Ruffian (level 3, 26/26 HPs)
             Began as a Demonspawn Shapeshifter on Jan 28, 2024.
             Quit the game on level 2 of the Dungeon.
             The game lasted 00:02:23 (957 turns).

Gadfly the Ruffian (Demonspawn Shapeshifter)         Turns: 957, Time: 00:02:24

Health: 26/26      AC:  5    Str: 16    XL:     3   Next: 1%
Magic:  3/3        EV: 12    Int: 10    God:
Gold:   45         SH:  0    Dex: 12    Spells: 2/2 levels left

rFire   . .          .
                       - Unarmed
rCold   . . .        (no shield)
rNeg    . . .        a - +1 animal skin
rPois   .            (helmet currently unavailable)
rElec   .            (cloak currently unavailable)
rCorr   .            (gloves currently unavailable)
SInv    .            (boots currently unavailable)
Will    .....        (no amulet)
Stlth   +            (no ring)
HPRegen 0.24/turn    (no ring)
MPRegen 0.08/turn

%: no passive effects
@: beast-form
A: beast (slay +1), thin metallic scales 1, powered by pain 1
a: Begin Untransformation


You were on level 2 of the Dungeon.
You were a hulking beast.
You visited 1 branch of the dungeon, and saw 2 of its levels.

You collected 45 gold pieces.

Inventory:

Armour
 a - a +1 animal skin (worn)
Jewellery
 f - an amulet of magic regeneration
Talismans
 c - a beast talisman
 d - a flux talisman
Scrolls
 e - a scroll of noise {unknown}
 g - a scroll of identify {unknown}
Potions
 b - 2 potions of lignification
 h - a potion of degeneration {unknown}


   Skills:
 + Level 1.4 Fighting
 * Level 2.2 Dodging
 + Level 2.9 Unarmed Combat
 * Level 1.3 Evocations
 + Level 2.8 Shapeshifting


You had 2 spell levels left.
You didn't know any spells.
Your spell library contained the following spells:

 Spells                   Type           Power      Damage    Failure   Level
 Animate Armour           Summ/Erth      0%         N/A       98%         4
 Summon Lightning Spire   Summ/Air       0%         N/A       98%         4
 Lee's Rapid Deconstruct  Erth           0%         3d4*      100%        5


Dungeon Overview and Level Annotations

Branches:
Dungeon (2/15)

Altars:

Shops:
D:2 (


Innate Abilities, Weirdness & Mutations

You are a hulking beast.
Your limbs bulge with bestial killing power. (Slay +1)
You are partially covered in thin metallic scales. (AC +2)
You sometimes gain a little power by taking damage.


Message History

You hit the endoplasm.
The endoplasm is heavily wounded.
The endoplasm barely misses you.
You hit the endoplasm.
You kill the endoplasm!
No target in view!
No target in view!
No target in view!
No target in view!
No target in view!
No target in view!
No target in view!
No target in view!
No target in view!
No target in view!
No target in view!
No target in view!
HP restored.
Found Joynent's Antique Weapon Shop.
There is an entrance to Joynent's Antique Weapon Shop here.
A goblin comes into view. It is wielding a +0 dagger.
The goblin shouts!
A goblin is nearby!
The goblin hits you but does no damage.
You hit the goblin.
You kill the goblin!
You have reached level 3!
Your experience leads to an increase in your attributes!
Increase (S)trength, (I)ntelligence, or (D)exterity?
You feel stronger. x2; Your demonic ancestry asserts itself...
You feel energised by your suffering.
You now have 45 gold pieces (gained 1).
g - a scroll labelled PAED YSKEFF
b - 2 potions of lignification (gained 1)
There is an entrance to Joynent's Antique Weapon Shop here.
h - a blue potion You open the door.
There is an open door here.
Found a spear.
Are you sure you want to abandon this character and quit the game? (Confirm with "yes".)

..).##.......##.#..# .
....##.......##.##.##.#
..#....................
#.#.....###...........
#.#.......<.......###
..................#
)........######'#.#
<....##.... ##.#.###.#
....##.... +..h.....#
... # ##...##### ...
#...... ... ........#
).. .).....!.#
...........#
............ .
...#.......## .


There were no monsters in sight!

Vanquished Creatures
  A dart slug (D:2)
  4 bats
  2 endoplasms
  A giant cockroach (D:2)
  4 goblins
  A hobgoblin (D:2)
  2 quokkas
  4 ball pythons
  2 kobolds (D:1)
  4 rats
25 creatures vanquished.

Notes
Turn   | Place    | Note
-------+----------+-------------------------------------------
     0 | D:1      | Gadfly the Demonspawn Shapeshifter began the quest for the
                  | Orb.
     0 | D:1      | Reached XP level 1. HP: 15/15 MP: 1/1
   114 | D:1      | Found a faded altar of an unknown god.
   412 | D:1      | Gained mutation: You are partially covered in thin metallic
                  | scales. (AC +2) [demonic ancestry]
   412 | D:1      | Reached XP level 2. HP: 21/21 MP: 2/2
   502 | D:1      | Reached skill level 1 in Evocations
   838 | D:2      | Found Joynent's Antique Weapon Shop.
   849 | D:2      | Gained mutation: You sometimes gain a little power by
                  | taking damage. [demonic ancestry]
   849 | D:2      | Reached XP level 3. HP: 26/26 MP: 3/3
   957 | D:2      | Quit the game

Illustrated notes

Levels and vault maps discovered:
D:1:      evilmike_arrival_crescent, layout_loops_ring,
          shapermc_ecumenical_altar_mp_ritualfount,
          chequers_serial_rivers_room_b
D:2:      layout_basic, serial_shops, shop, basic_altar

Skill      XL: |  1  2 |
---------------+-------+-----
Dodging        | 2 |  2.2
Evocations     | 1 |  1.3
Fighting       | |  1.4
Unarmed Combat | |  2.9
Shapeshifting  | |  2.8

Action                     || total
---------------------------++-------
  Melee: Unarmed           ||    66
    Use: Scroll            ||     1
 Armour: Animal skin       ||    36
  Dodge: Dodged            ||    43
